 Dungeon Crawl Stone Soup version 0.26.1-11-gd32895ea62 (webtiles) character file.

Game seed: 700168598951106501

75 Tirrikindir the Skirmisher (level 4, -12/31 HPs)
             Began as an Octopode Fighter on May 17, 2021.
             Mangled by a gnoll
             ... wielding a +0 flail
              (13 damage)
             ... on level 1 of the Dungeon.
             The game lasted 00:02:07 (1101 turns).

Tirrikindir the Skirmisher (Octopode Fighter)       Turns: 1101, Time: 00:02:07

Health: -12/31     AC:  1    Str: 16    XL:     4   Next: 31%
Magic:  4/4        EV: 11    Int: 10    God:
Gold:   110        SH:  8    Dex: 11    Spells: 3/3 levels left

rFire    . . .     SeeInvis .   a - +0 long sword
rCold    . . .     Faith    .   b - +0 kite shield
rNeg     . . .     Spirit   .   (helmet restricted)
rPois    .         Reflect  .   (no amulet)
rElec    .         Harm     .   (no ring)
rCorr    .         Rampage  .   (no ring)
Will     .....                  (no ring)
Stlth    +++.......             (no ring)
HPRegen  0.10/turn              (no ring)
MPRegen  0.09/turn              (no ring)
                                (no ring)
                                (no ring)

@: mighty, lethally poisoned (-12 -> -15)
A: almost no armour, stealthy swim, amphibious, 8 rings, constrict 8, camouflage
1, gelatinous body 1
a: no special abilities


You were on level 1 of the Dungeon.
You visited 1 branch of the dungeon, and saw 2 of its levels.

You collected 110 gold pieces.

Inventory:

Hand Weapons
 a - a +0 long sword (weapon)
Armour
 b - a +0 kite shield (worn)
Potions
 d - a potion of heal wounds {unknown}
 e - a potion of curing {unknown}
 f - a potion of flight {unknown}


   Skills:
 + Level 3.4 Fighting
 * Level 3.0 Long Blades
 + Level 3.3 Dodging
 + Level 2.0 Stealth
 + Level 3.3 Shields


You had 3 spell levels left.
You didn't know any spells.
Your spell library was empty.

Dungeon Overview and Level Annotations

Branches:
Dungeon (2/15)

Altars:

Annotations:
D:2 Jessica


Innate Abilities, Weirdness & Mutations

You cannot wear most types of armour.
You are very stealthy in the water. (Stealth+)
You are amphibious.
You can wear up to eight rings at the same time.
You can use your tentacles to constrict eight enemies at once.
Your skin changes colour to match your surroundings (Stealth+).
Your rubbery body absorbs attacks. (AC +1, EV +1)


Message History

The gnoll hits you with a +0 flail!
Your Long Blades skill increases to level 3!
Your Stealth skill increases to level 2!
The adder bites you.
You are poisoned.
The adder poisons you! The adder bites you.
You feel sick.
Jessica casts a spell.
Jessica blinks!
There is a stone staircase leading up here.
You feel sick. The adder bites you.
* * * LOW HITPOINT WARNING * * *
You block the gnoll's attack.
You climb upwards.
There is a stone staircase leading down here.
You feel very mighty all of a sudden.
You feel sick. You block the adder's attack. The adder bites you.
* * * LOW HITPOINT WARNING * * *
The gnoll hits you with a +0 flail!
You die...

# #.....# #.############.#
#
#.....#####.#............#
#
#.....##....#.############
# #.....##....#.##### #
#.....##....#.#...# #
#.....##...#.##.#.# #
#.########...##...# # #.#
####Sg##.# #.# ###.@##.#
#.# #####..##...#
###.#####....#.##.#.#
....)........>####..#
##..#...#.#......#..#
#..#...#.#.####)#).#
#####...#.#....#.#..#
..#.##..#.#....#.#..#
..##.#.)#.#.####.#..#


You could see a gnoll and an adder.

Vanquished Creatures
  3 gnolls (D:2)
  An adder (D:2)
  An ooze (D:1)
  A ball python (D:1)
  2 giant cockroaches (D:1)
  3 goblins (D:1)
  5 hobgoblins
  3 jackals (D:1)
  3 kobolds (D:1)
  5 bats (D:1)
  A frilled lizard (D:1)
  3 rats (D:1)
31 creatures vanquished.

Notes
Turn   | Place    | Note
-------+----------+-------------------------------------------
     0 | D:1      | Tirrikindir the Octopode Fighter began the quest for the
                  | Orb.
     0 | D:1      | Reached XP level 1. HP: 16/16 MP: 1/1
   204 | D:1      | Reached XP level 2. HP: 21/21 MP: 2/2
   253 | D:1      | Reached skill level 1 in Stealth
   532 | D:1      | Reached XP level 3. HP: 25/26 MP: 3/3
  1093 | D:2      | Reached XP level 4. HP: 30/31 MP: 4/4
  1094 | D:2      | Noticed Jessica
  1101 | D:1      | HP: 1/31 [adder (4)]
  1101 | D:1      | Mangled by a gnoll

Illustrated notes

Levels and vault maps discovered:
D:1:      dpeg_arrival_rooms_with_view, layout_basic, st_stairs_7,
          amethyst_killhole, minmay_misc_feat_room
D:2:      layout_basic, lemuel_round_altar, uniq_jessica

Skill      XL: |  1  2  3  4 |
---------------+-------------+-----
Stealth        | 1 2 |  2.0
Long Blades    | 3 |  3.0
Fighting       | |  3.4
Dodging        | |  3.3
Shields        | |  3.3

Action                   |  1- 3 |  4- 6 || total
-------------------------+-------+-------++-------
Melee: Long sword        |    54 |     2 ||    56
       Constrict         |    17 |     1 ||    18
       Tentacles         |    12 |     1 ||    13
  Use: Scroll            |     2 |       ||     2
       Potion            |       |     1 ||     1
 Stab: Sleeping          |     1 |       ||     1
Armor: Skin              |     5 |     1 ||     6
Dodge: Dodged            |    24 |       ||    24
Block: Kite shield       |    32 |     4 ||    36
       Rpst.: Long sword |     8 |       ||     8
